 Dungeon Crawl Stone Soup version 0.32-a0-163-g159c032296 (webtiles) character file.

Game seed: 10142760163245000104

1962 PriceMaster the Magician (level 9, -2/79 HPs)
             Began as an Octopode Fire Elementalist on Feb 12, 2024.
             Was a Believer of Vehumet.
             Engulfed by a cloud of flame (17 damage)
             ... on level 7 of the Dungeon.
             The game lasted 00:11:55 (4608 turns).

PriceMaster the Magician (OpFE)                     Turns: 4608, Time: 00:11:56

Health: -2/79      AC: 24    Str: 10    XL:     9   Next: 19%
Magic:  14/19      EV:  2    Int: 19    God:    Vehumet [**....]
Gold:   201        SH:  0    Dex: 13    Spells: 12/21 levels left

rFire   . . .        q - +0 whip of Xeso {drain, Str+3}
rCold   . . .        (no shield)
rNeg    . . .        (helmet currently unavailable)
rPois   +            j - amulet of magic regeneration
rElec   .            (no ring)
rCorr   .            (no ring)
SInv    .            (no ring)
Will    .....        (no ring)
Stlth   ++           (no ring)
HPRegen 0.33/turn    (no ring)
MPRegen 0.56/turn    (no ring)
                     (no ring)

%: no passive effects
@: mighty, tree-form (expiring)
A: stationary, stasis, torment immunity, boosted hp, almost no armour,
(amphibious), 8 rings, (camouflage 1), (gelatinous body 1), (nimble swimmer 1),
(tentacles), deterioration 1, weak 1
a: Renounce Religion


You were on level 7 of the Dungeon.
You worshipped Vehumet.
Vehumet was pleased with you.
You were a tree.
You visited 1 branch of the dungeon, and saw 7 of its levels.
You also visited: Sewer.

You collected 313 gold pieces.
You spent 112 gold pieces at shops.

Inventory:

Hand Weapons
 c - a +0 spear
 g - a +2 dagger of speed
 k - a +2 dagger of protection
 q - the +0 whip of Xeso (weapon) {drain, Str+3}
   (You found it on level 4 of the Dungeon)

   Str+3:     It affects your strength (+3).
Jewellery
 j - an amulet of magic regeneration (around neck)
 p - a +5 ring of evasion
 w - a +5 ring of evasion
Scrolls
 b - 2 scrolls of enchant weapon {unknown}
 d - a scroll of enchant armour {unknown}
 f - 6 scrolls of teleportation {unknown}
 h - 3 scrolls of poison {unknown}
 n - a scroll of amnesia {unknown}
 o - 2 scrolls of fog {unknown}
 u - 2 scrolls of brand weapon {unknown}
 v - a scroll of blinking {unknown}
 x - a scroll of noise {unknown}
Potions
 e - a potion of berserk rage
 l - a potion of attraction {unknown}
 m - a potion of might
 s - 3 potions of enlightenment
 t - a potion of curing
 z - a potion of ambrosia {unknown}


   Skills:
 + Level 1.0 Fighting
 + Level 0.3 Short Blades
 + Level 1.5 Maces & Flails
 + Level 3.2 Dodging
 - Level 3.1 Stealth
 + Level 6.9 Spellcasting
 + Level 3.4 Conjurations
 + Level 4.0 Hexes
 + Level 1.0 Translocations
 + Level 6.8 Fire Magic


You had 12 spell levels left.
You knew the following spells:

 Your Spells              Type           Power      Damage    Failure   Level
a - Foxfire               Conj/Fire      100%       2x1d9     1%          1
b - Magic Dart            Conj           76%        1d6       2%          1
c - Scorch                Fire           64%        2d7       1%          2
d - Blink                 Tloc           20%        N/A       11%         2
e - Inner Flame           Hex/Fire       27%        N/A       3%          3

Your spell library contained the following spells:

 Spells                   Type           Power      Damage    Failure   Level
 Sandblast                Erth           12%        2d6       11%         1
 Kiss of Death            Conj/Necr      52%        2d9       4%          1
 Confusing Touch          Hex            22%        N/A       6%          3
 Volatile Blastmotes      Fire/Tloc      42%        2d13      6%          3
 Freeze                   Ice            24%        1d4       11%         1
 Flame Wave               Conj/Fire      26%        2d8       12%         4
 Call Imp                 Summ           12%        N/A       16%         2
 Hailstorm                Conj/Ice       13%        3d6       16%         3
 Frozen Ramparts          Ice            12%        1d2       30%         3
 Dispel Undead            Necr           6%         3d8       71%         4


Dungeon Overview and Level Annotations

Branches:
Dungeon (8/15)             Temple (0/1) D:7           Sewer (visited)
   Lair: D:8-11

Altars:
Ashenzari
Dithmenos
Elyvilon
Makhleb
Uskayaw
Vehumet

Shops:
D:4 !!(=(   D:8 *![

Portals:
Bailey: D:8


Innate Abilities, Weirdness & Mutations

You are a tree.
Your roots penetrate the ground, keeping you stationary.
You cannot be teleported.
You are immune to unholy pain and torment.
Your maximum health is greatly increased.
You cannot wear most types of armour.
((You are amphibious.))
You can wear up to eight rings at the same time.
((Your skin changes colour to match your surroundings (Stealth+).))
((Your rubbery body absorbs attacks. (AC +1, EV +1)))
((You are camouflaged when in or above water. (Stealth+)))
((You have tentacles for arms and can constrict up to eight enemies at once.))
Your body sometimes deteriorates upon taking damage.
You are weak. (Str -2)


Message History

Press: ? - help, Shift-Dir - straight line, f/p - hornet
Aim: a hornet (inner flame, ally target, 100% to hit)
The magic dart hits the hornet but does no damage.
The foxfire hits the hornet but does no damage.
Unknown command.
Casting: Magic Dart (safe; 3% risk of failure)
Confirm with . or Enter, or press ? or * to list all spells.
Aiming: Magic Dart (safe; 3% risk of failure)
Press: ? - help, Shift-Dir - straight line, f/p - hornet
Aim: a hornet (inner flame, ally target, 100% to hit)
Okay, then.
Casting: Magic Dart (safe; 3% risk of failure)
Confirm with . or Enter, or press ? or * to list all spells.
Flames lash the hornet.
Flame seeps out of the hornet.
The hornet is lightly wounded.
The hornet's fire resistance burns away.
The foxfire hits the hornet.
The hornet is burned terribly!
Flame seeps out of the hornet.
The hornet is lightly wounded.
The hornet is engulfed in blazing flames.
Flame seeps out of the hornet.
The hornet is engulfed in blazing flames.
Flame seeps out of the hornet.
You hit the hornet.
Flame seeps out of the hornet.
You drain the hornet. Vehumet accepts your kill.
The hornet explodes!
The fiery explosion engulfs you.
You are engulfed in blazing flames.
You hear a shout!
You feel your intelligence returning.
Your Translocations skill increases to level 1!
You cannot move.
You cannot move.
You're standing in a cloud of flame!
You're standing in a cloud of flame!
You're standing in a cloud of flame!
You are engulfed in blazing flames.
You are engulfed in blazing flames.
* * * LOW HITPOINT WARNING * * *
You are engulfed in blazing flames.
You die...

##.... ....#.. #
#......#. .
.#...#.#... ..
.....)....### #..#
.....#...#)§.#...##
# ..#......☼#.......
#.#.....>°°)♣.#....
...#.....○§#)).....
#...#...#)§)#.....
.>
#####.......#.......
.
.......#.#...)......
. ###........##.....
#. #....#.##........
#.###......# ##..>..
#......##### .#...


There were no monsters in sight!

Vanquished Creatures
  A hornet (D:7)
  A wyvern (D:8)
  3 yaks (D:8)
  A steam dragon (D:8)
  A water moccasin (D:8)
  A black bear (D:4)
  2 ice beasts (D:8)
  A phantom (D:5)
  2 bullfrogs (D:8)
  2 kobold brigands
  A gnoll sergeant (D:7)
  A howler monkey (D:8)
  An orc priest (D:4)
  A sleepcap (D:4)
  4 adders
  5 gnolls (D:7)
  3 river rats
  A shadow imp (D:7)
  A white imp (D:5)
  A ribbon worm (D:5)
  12 orcs
  2 endoplasms
  4 giant cockroaches
  7 hobgoblins
  A quokka (D:4)
  7 ball pythons
  2 bats
  A frilled lizard (D:3)
  7 goblins
  14 kobolds
  8 rats
99 creatures vanquished.

Vanquished Creatures (others)
  128 foxfires
128 creatures vanquished.

Grand Total: 227 creatures vanquished

Notes
Turn   | Place    | Note
-------+----------+-------------------------------------------
     0 | D:1      | PriceMaster the Octopode Fire Elementalist began the quest
                  | for the Orb.
     0 | D:1      | Reached XP level 1. HP: 11/11 MP: 3/3
   549 | D:1      | Found a faded altar of an unknown god.
   603 | D:1      | Reached XP level 2. HP: 11/17 MP: 5/5
   605 | D:1      | Learned a level 1 spell: Magic Dart
  1407 | D:2      | Reached XP level 3. HP: 21/21 MP: 0/6
  1410 | D:2      | Learned a level 2 spell: Scorch
  1810 | D:2      | Identified the +2 spear of Fury {venom, Int+6}
  2011 | D:3      | Found a white marble altar of Elyvilon.
  2011 | D:3      | Found a burning altar of Makhleb.
  2084 | D:3      | Found a radiant altar of Vehumet.
  2084 | D:3      | Found a broken altar of Ashenzari.
  2110 | D:3      | Became a worshipper of Vehumet
  2415 | D:3      | Learned a level 2 spell: Blink
  2433 | D:4      | Found Rum Neti's Weapon Shop.
  2485 | D:4      | Identified the +1 spear of Viteh {drain, rC+}
  2538 | D:4      | Reached XP level 4. HP: 27/27 MP: 2/7
  2576 | D:4      | Found Soizxyja's Weapon Emporium.
  2585 | D:4      | Identified the +0 whip of Xeso {drain, Str+3}
  2647 | D:4      | HP: 1/27 [orc priest/divine providence (14)]
  2660 | D:4      | HP: 1/40 [orc/+0 falchion (5)]
  2671 | D:4      | HP: 2/40 [orc/+0 falchion (4)]
  2683 | D:4      | Reached XP level 5. HP: 4/31 MP: 1/9
  2812 | D:4      | Found a shadowy altar of Dithmenos.
  2819 | D:4      | Found a hide-covered altar of Uskayaw.
  2955 | D:4      | Noticed a black bear
  2962 | D:4      | Killed a black bear
  2963 | D:4      | Reached XP level 6. HP: 22/36 MP: 4/11
  3024 | D:4      | Learned a level 3 spell: Inner Flame
  3076 | D:4      | Found Nyifud's Distillery.
  3144 | D:4      | Bought a potion of mutation for 112 gold pieces
  3144 | D:4      | Gained mutation: Your body sometimes deteriorates upon
                  | taking damage. [potion of mutation]
  3144 | D:4      | Gained mutation: You are weak. (Str -2) [potion of
                  | mutation]
  3224 | D:4      | Found Junga's Distillery.
  3281 | D:4      | Found Tocib's Jewellery Boutique.
  3297 | D:5      | Entered Level 5 of the Dungeon
  3347 | D:5      | Found a glowing drain.
  3428 | Sewer    | Entered a sewer
  3432 | Sewer    | Reached * piety under Vehumet
  3432 | Sewer    | Offered knowledge of Sandblast by Vehumet.
  3581 | Sewer    | Found a glowing silver altar of Zin.
  3771 | D:5      | You fall into a shaft and drop 3 floors!
  3771 | D:8      | Found Soaffia's Distillery.
  3779 | D:8      | Noticed a steam dragon
  3788 | D:8      | Killed a steam dragon
  3789 | D:8      | Reached skill level 1 in Hexes
  3789 | D:8      | Reached skill level 5 in Fire Magic
  3789 | D:8      | Reached XP level 7. HP: 36/42 MP: 5/13
  3797 | D:8      | Noticed a wyvern
  3801 | D:8      | Killed a wyvern
  3871 | D:8      | Noticed a yak
  3871 | D:8      | Noticed a yak
  3871 | D:8      | Noticed a yak
  3878 | D:8      | Killed a yak
  3879 | D:8      | Reached skill level 5 in Spellcasting
  3879 | D:8      | Reached XP level 8. HP: 47/47 MP: 3/15
  3880 | D:8      | Killed a yak
  3880 | D:8      | Killed a yak
  3881 | D:8      | Reached skill level 1 in Maces & Flails
  4002 | D:8      | Found Zasoih's Armour Emporium.
  4220 | D:8      | Found a flagged portal.
  4324 | D:8      | Found Icuak's General Store.
  4529 | D:7      | Found a staircase to the Ecumenical Temple.
  4573 | D:7      | Reached XP level 9. HP: 48/52 MP: 2/18
  4595 | D:7      | Reached skill level 1 in Fighting
  4595 | D:7      | Reached ** piety under Vehumet
  4600 | D:7      | Noticed a hornet
  4605 | D:7      | Killed a hornet
  4606 | D:7      | Reached skill level 1 in Translocations
  4608 | D:7      | Engulfed by a cloud of flame

Illustrated notes

Levels and vault maps discovered:
D:1:      minmay_arrival_up_and_down, layout_basic,
          hellmonk_ecumenical_altar_lost_god, corexii_corridor_pit
D:2:      layout_loops_ring
D:3:      layout_rooms, grunt_temple_overflow_open, skrybe_limestone_x
D:4:      wander_river, layout_cave_pools, nicolae_overflow_two_pavilions,
          serial_shops, nicolae_shop_getting_attention,
          nicolae_inconvenience_store, nicolae_lakefront_shop,
          nicolae_shop_behind_doors, nicolae_shop_stone, corner_web_ring
D:5:      layout_gridville, cheibrodos_sewer_entry_sluice
D:7:      layout_rooms, mainiacjoe_overflow_small_starburst,
          minmay_temple_entry_sparse_star
D:8:      layout_rooms, enter_bailey_4, serial_shops,
          nicolae_shop_real_fake_doors, nicolae_shop_tiny_waterfront,
          nicolae_wooded_promenade

Skill      XL: |  1  2  3  4  5  6  7  8  9 |
---------------+----------------------------+-----
Stealth        | 3 |  3.1
Conjurations   | 2 3 |  3.4
Fire Magic     | 4 5 6 |  6.8
Spellcasting   | 3 4 5 6 |  6.9
Dodging        | 3 |  3.2
Hexes          | 1 2 4 |  4.0
Maces & Flails | 1 |  1.5
Fighting       | 1 |  1.0
Translocations | 1 |  1.0
Short Blades   | |  0.3

Action                     |  1- 3 |  4- 6 |  7- 9 || total
---------------------------+-------+-------+-------++-------
  Melee: Unarmed           |    16 |       |       ||    16
         Constrict         |    12 |     1 |     2 ||    15
         Spear             |     8 |       |       ||     8
         Dagger            |    18 |       |       ||    18
         Tentacles         |     3 |     1 |       ||     4
         Whip              |       |    24 |     8 ||    32
   Cast: Foxfire           |    22 |    26 |    23 ||    71
         Magic Dart        |    50 |    43 |    13 ||   106
         Scorch            |     5 |     8 |    18 ||    31
         Inner Flame       |       |    10 |    19 ||    29
         Blink             |       |       |     2 ||     2
    Use: Scroll            |     4 |       |     1 ||     5
         Potion            |       |     6 |     5 ||    11
   Stab: Sleeping          |     2 |       |       ||     2
 Armour: Skin              |    19 |    93 |    32 ||   144
  Dodge: Dodged            |    38 |    15 |    19 ||    72

Table legend: (Time is in decaauts)
 A = Elapsed time spent in this place.
 B = Non-inter-level travel time spent in this place.
 C = Inter-level travel time spent in this place.
 D = Time resting spent in this place.
 E = Time spent auto-exploring this place.
 F = Levels seen in this place.
 G = Mean time per level.
                   A        B        C        D        E       F      G
               +--------+--------+--------+--------+--------+-----+--------+
         Total |   4586 |   4433 |    153 |    249 |   3527 |   8 |  573.2 |
       Dungeon |   4376 |   4223 |    153 |    249 |   3347 |   7 |  625.1 |
         Sewer |    209 |    209 |      0 |      0 |    180 |   1 |  209.0 |
               +--------+--------+--------+--------+--------+-----+--------+

Top non-repeatable levels by time:
     D:1: 1196 daAuts
     D:4: 862 daAuts
     D:8: 755 daAuts
     D:2: 750 daAuts
     D:3: 465 daAuts
     D:5: 264 daAuts
   Sewer: 209 daAuts
     D:7: 82 daAuts
